 Dungeon Crawl Stone Soup version 0.28.0-47-ge53b351184 (webtiles) character file.

Game seed: 6029092588592957425

29 Kenran the Insei (level 3, 0/29 HPs)
             Began as a Demonspawn Monk on May 4, 2022.
             Killed from afar by Natasha (7 damage)
             ... with a magic dart
             ... on level 2 of the Dungeon.
             The game lasted 00:02:39 (1470 turns).

Kenran the Insei (Demonspawn Monk)                  Turns: 1470, Time: 00:02:39

Health: 0/29       AC:  3    Str: 13    XL:     3   Next: 1%
Magic:  3/3        EV: 12    Int: 11    God:
Gold:   54         SH:  4    Dex: 15    Spells: 2/2 levels left

rFire   . . .      SeeInvis .     - Unarmed
rCold   . . .      Faith    .   (no shield)
rNeg    . . .      Spirit   .   d - +0 leather armour
rPois   .          Reflect  .   (no helmet)
rElec   .          Harm     .   (no cloak)
rCorr   .          Rampage  .   (no gloves)
Will    .....                   (no boots)
Stlth   ++........              (no amulet)
HPRegen 0.09/turn               (no ring)
MPRegen 0.08/turn               (no ring)

@: slowed, very slow
A: foul stench 1, condensation shield
a: no special abilities


You were on level 2 of the Dungeon.
You visited 1 branch of the dungeon, and saw 2 of its levels.

You collected 54 gold pieces.

Inventory:

Missiles
 b - 99 stones (quivered)
Armour
 d - a +0 leather armour (worn)
Scrolls
 a - 3 scrolls of teleportation
 c - a scroll of enchant weapon {unknown}
 e - a scroll of immolation {!r}
 f - a scroll of identify {unknown}


   Skills:
 - Level 3.0 Fighting
 - Level 2.6 Dodging
 - Level 1.7 Stealth
 + Level 3.8 Unarmed Combat


You had 2 spell levels left.
You didn't know any spells.
Your spell library was empty.

Dungeon Overview and Level Annotations

Branches:
Dungeon (2/15)

Altars:

Shops:
D:2 [

Annotations:
D:2 Natasha


Innate Abilities, Weirdness & Mutations

You may rarely emit foul miasma when damaged in melee.
A meltable shield of frost defends you. (SH +4)


Message History

The crimson imp blinks!
Natasha claws you.
You hit Natasha but do no damage.
Natasha is moderately wounded.
Natasha claws you.
You barely miss Natasha.
Natasha is moderately wounded.
Natasha mumbles some strange words.
You hit Natasha.
Natasha is moderately wounded.
Natasha closely misses you.
Natasha casts a spell.
You barely miss the crimson imp. The crimson imp hits you.
The crimson imp blinks!
The crimson imp blinks!
The crimson imp barely misses you.
The crimson imp blinks!
Natasha casts a spell at you.
You feel yourself slow down.
You closely miss Natasha.
Natasha is moderately wounded.
The crimson imp hits you. Natasha casts a spell at you.
The magic dart hits you! The crimson imp closely misses you.
You hit Natasha but do no damage.
Natasha is moderately wounded.
Natasha claws you. The crimson imp misses you.
You hit Natasha.
Natasha is moderately wounded.
Natasha barely misses you.
The crimson imp hits you but does no damage.
Natasha claws you.
You hit Natasha.
Natasha is severely wounded.
The crimson imp hits you. You block Natasha's attack. The crimson imp hits you.
* * * LOW HITPOINT WARNING * * *
You emit a cloud of foul miasma!
You miss Natasha.
Natasha is severely wounded.
Natasha stares at you and mumbles some strange words.
The magic dart hits you!
You die...

#...........###.#.####.
.#.#...#.#####.#.####.
#...#.# #......... ##
#...#.# #.##.#.### #.
#...#.# #. #.#†##
###.###.##.# #. #....#
#..5h..5...# #. ###.<#
#.#.###h#### #. #..#
... #@# #.>......#
#.... #5# #####.....
#...............
..#...#
#.....##.#####.#
##.##.## #..#. ..# #.
### ..... ... # .# ##.#
#.# #..


You could see Natasha, a crimson imp (summoned) and a shadow imp (summoned).

Vanquished Creatures
  2 endoplasms
  A giant cockroach (D:1)
  A hobgoblin (D:1)
  2 quokkas (D:1)
  2 ball pythons (D:1)
  6 bats (D:1)
  2 frilled lizards (D:1)
  5 goblins
  2 kobolds (D:1)
  8 rats
31 creatures vanquished.

Notes
Turn   | Place    | Note
-------+----------+-------------------------------------------
     0 | D:1      | Kenran the Demonspawn Monk began the quest for the Orb.
     0 | D:1      | Reached XP level 1. HP: 18/18 MP: 1/1
   513 | D:1      | Gained mutation: You may rarely emit foul miasma when
                  | damaged in melee. [demonic ancestry]
   513 | D:1      | Reached XP level 2. HP: 24/24 MP: 2/2
   718 | D:1      | Found a faded altar of an unknown god.
  1369 | D:2      | Gained mutation: A meltable shield of frost defends you.
                  | (SH +4) [demonic ancestry]
  1369 | D:2      | Reached XP level 3. HP: 24/29 MP: 3/3
  1448 | D:2      | Found Enkusmil's Antique Armour Emporium.
  1448 | D:2      | Noticed Natasha
  1470 | D:2      | Killed from afar by Natasha

Illustrated notes

Levels and vault maps discovered:
D:1:      saegor_arrival_simple_d, layout_loops_corners,
          ebering_ecumenical_altar_abandoned
D:2:      layout_loops_cross, serial_shops, nicolae_shop_crystal, uniq_natasha

Skill      XL: |  1 |
---------------+----+-----
Unarmed Combat | 3 |  3.8
Fighting       | |  3.0
Dodging        | |  2.6
Stealth        | |  1.7

Action                   || total
-------------------------++-------
Melee: Unarmed           ||    84
       Punch             ||     1
  Use: Scroll            ||     2
 Stab: Sleeping          ||     7
Armor: Leather armour    ||    19
       Robe              ||     1
Dodge: Dodged            ||    39
Block: Other             ||     1
